 Dungeon Crawl Stone Soup version 0.18-b1-2-gd0c887e (webtiles) character file.

1669 senseless the Fighter (level 8, -1/117 HPs)
             Began as a Minotaur Fighter on Apr 28, 2016.
             Slain by senseless's ghost (9 damage)
             ... on level 6 of the Dungeon.
             The game lasted 00:35:16 (4801 turns).

senseless the Fighter (Minotaur Fighter)            Turns: 4801, Time: 00:35:17

Health: -1/117     AC: 24    Str: 21    XL:     8   Next: 69%
Magic:  7/7        EV:  2    Int:  6    God:
Gold:   236        SH: 12    Dex: 11    Spells: 0 memorised, 7 levels left

rFire  x . .     SeeInvis .     y - +2 whip (freeze)
rCold  + . .     Gourm    .     (armour currently unavailable)
rNeg   + + +     Faith    .     c - +1 shield
rPois  +         Spirit   .     (helmet currently unavailable)
rElec  .         Dismiss  .     (cloak currently unavailable)
rCorr  .         Reflect  .     (gloves currently unavailable)
SustAt .         Harm     .     (boots currently unavailable)
MR     .....     NoTele   +     (no amulet)
Stlth  +.........               E - -5 ring of evasion (curse)
                                h - ring of ice

@: tree-form, not resistant to hostile enchantments, very unstealthy
A: (retaliatory headbutt), (horns 0)
a: no special abilities


You were on level 6 of the Dungeon.
You were hungry.
You were a tree.
You visited 1 branch of the dungeon, and saw 6 of its levels.

You collected 236 gold pieces.

Inventory:

Hand Weapons
 a - a +0 flail
 l - a +2 whip of pain
 y - a +2 whip of freezing (weapon)
Armour
 b - a +0 scale mail
 c - a +1 shield (worn)
 i - a cursed -2 chain mail (melded)
 r - a -2 scale mail
 s - a +0 pair of gloves (melded)
 v - a +0 cloak
 x - a +0 cloak (melded)
 C - a +1 robe of fire resistance
Jewellery
 h - a ring of ice (left branch)
 E - a cursed -5 ring of evasion (right branch)
Wands
 p - a wand of lightning (0/15)
Scrolls
 e - 3 scrolls of identify
 j - 2 scrolls of fear
 w - a scroll of teleportation
Potions
 d - 2 potions of might
 g - a potion of invisibility {unknown}
 k - a potion of heal wounds {unknown}
 m - 6 potions of curing {unknown}
 n - a potion of lignification
 o - a potion of cancellation {unknown}
 t - a potion of degeneration {unknown}
 u - 2 potions of berserk rage {unknown}
 z - a potion of brilliance {unknown}
 A - a potion of flight {unknown}
 B - a potion of magic {unknown}
 F - a potion of haste {unknown}
Comestibles
 f - 4 bread rations
 q - 3 meat rations


   Skills:
 * Level 9.0 Fighting
 + Level 6.5 Maces & Flails
 + Level 6.8 Armour
 + Level 7.2 Shields


You had 7 spell levels left.
You didn't know any spells.

Dungeon Overview and Level Annotations

Branches:
Dungeon (6/15)
 Temple: D:4-7

Altars:
Ashenzari
Nemelex Xobeh
Pakellas
Ru
Xom
The Shining One

Annotations:
D:6 senseless's ghost, novice MiFi


Innate Abilities, Weirdness & Mutations

((You reflexively headbutt those who attack you in melee.))
((You have a pair of horns on your head.))


Message History

Senseless's ghost is severely damaged.
Senseless's ghost hits you.
* * * LOW HITPOINT WARNING * * *
You barely miss senseless's ghost.
Senseless's ghost is severely damaged.
You block senseless's ghost's attack.
You hit senseless's ghost. You freeze senseless's ghost.
Senseless's ghost is severely damaged.
Senseless's ghost hits you but does no damage.
You hit senseless's ghost but do no damage.
Senseless's ghost is severely damaged.
You hit senseless's ghost but do no damage.
Senseless's ghost is severely damaged.
Senseless's ghost hits you.
* * * LOW HITPOINT WARNING * * *
You are too injured to fight recklessly!
You barely miss senseless's ghost.
Senseless's ghost is severely damaged.
Senseless's ghost hits you!
You die...

########
#.#......#
#..W♣..[.#
###......#
#...##.#
.?... +
##.....
##..###
##.# .#


You could see senseless's ghost.

Vanquished Creatures
  Pikel (D:4)
  Grinder (D:5)
  Sigmund (D:5)
  4 slaves (D:4)
  An ogre (D:4)
  2 scorpions (D:4)
  2 hounds (D:4)
  3 orc wizards
  3 orc priests
  A centaur skeleton (D:5)
  A giant frog skeleton (D:5)
  Jessica (D:2)
  Terence (D:3)
  3 worker ants (D:4)
  A hound skeleton (D:5)
  6 gnolls (D:4)
  9 adders
  2 worms (D:2)
  2 dart slugs
  4 giant geckos
  18 orcs
  A ball python (D:2)
  4 giant cockroaches
  4 goblins
  10 hobgoblins
  4 jackals (D:4)
  2 quokkas
  13 bats
  4 giant newts
  A jackal skeleton (D:4)
  8 kobolds
  7 rats
125 creatures vanquished.

Notes
Turn   | Place    | Note
--------------------------------------------------------------
     0 | D:1      | senseless the Minotaur Fighter began the quest for the Orb.
     0 | D:1      | Reached XP level 1. HP: 19/19 MP: 0/0
   126 | D:1      | Reached XP level 2. HP: 27/27 MP: 1/1
   261 | D:1      | Reached skill level 4 in Fighting
   793 | D:2      | Reached XP level 3. HP: 31/33 MP: 2/2
   914 | D:2      | Found a shattered altar of Ashenzari.
  1020 | D:2      | Reached XP level 4. HP: 37/41 MP: 3/3
  1031 | D:2      | Noticed Jessica
  1036 | D:2      | Killed Jessica
  1187 | D:3      | Found a sparkling altar of Nemelex Xobeh.
  1226 | D:3      | Noticed Terence
  1244 | D:3      | Killed Terence
  1293 | D:3      | Reached skill level 5 in Fighting
  1293 | D:3      | Reached XP level 5. HP: 30/48 MP: 4/4
  1774 | D:4      | Found a sacrificial altar of Ru.
  1775 | D:4      | Found a glowing golden altar of the Shining One.
  1814 | D:4      | Reached skill level 5 in Shields
  1875 | D:4      | Reached XP level 6. HP: 22/57 MP: 5/5
  2142 | D:4      | Reached skill level 5 in Armour
  2537 | D:4      | Reached skill level 6 in Fighting
  2968 | D:4      | Found a shimmering altar of Xom.
  3068 | D:4      | Reached XP level 7. HP: 39/64 MP: 6/6
  3281 | D:5      | Entered Level 5 of the Dungeon
  3281 | D:5      | Noticed Grinder
  3283 | D:5      | Noticed Pikel
  3284 | D:5      | Paralysed by Grinder for 2 turns
  3352 | D:4      | Reached skill level 7 in Fighting
  3355 | D:4      | Reached skill level 5 in Maces & Flails
  3497 | D:5      | Paralysed by Grinder for 3 turns
  3519 | D:5      | Killed Grinder
  3770 | D:5      | Reached XP level 8. HP: 51/74 MP: 7/7
  4022 | D:5      | Found an oddly glowing altar of Pakellas.
  4040 | D:5      | Noticed Sigmund
  4059 | D:5      | Killed Sigmund
  4059 | D:5      | Reached skill level 8 in Fighting
  4290 | D:4      | Killed Pikel
  4290 | D:4      | Reached skill level 9 in Fighting
  4763 | D:6      | Noticed senseless's ghost (novice MiFi)
  4801 | D:6      | Slain by senseless's ghost

Skill      XL: |  1  2  3  4  5  6  7  8 |
---------------+-------------------------+-----
Fighting       | 4 5 6 7 9 |  9.0
Armour         | 4 5 6 |  6.8
Maces & Flails | 3 4 5 6 |  6.5
Shields        | 4 5 6 7 |  7.2

Action                   |  1- 3 |  4- 6 |  7- 9 || total
-------------------------+-------+-------+-------++-------
Melee: Flail             |    32 |       |       ||    32
       Whip              |    54 |   182 |   219 ||   455
       Headbutt          |    14 |    40 |    34 ||    88
Evoke: Wand              |       |     3 |       ||     3
  Use: Scroll            |       |     7 |     3 ||    10
       Potion            |       |       |     2 ||     2
  Eat: Chunk             |       |     7 |     2 ||     9
       Beef jerky        |       |       |     1 ||     1
       Pizza             |       |       |     1 ||     1
Armor: Scale mail        |    38 |    45 |    49 ||   132
       Chain mail        |       |       |    23 ||    23
       Skin              |       |       |    13 ||    13
Dodge: Dodged            |    23 |    34 |    43 ||   100
Block: Shield            |    51 |    69 |   107 ||   227
